 Dungeon Crawl Stone Soup version 0.29.1-4-g47bece8355 (webtiles) character file.

Game seed: 10949222988692614401

1668 KittyFluff the Cudgeller (level 9, -1/55 HPs)
             Began as a Gargoyle Berserker on Dec 3, 2022.
             Was an Elder of Trog.
             Shot with an arrow by a centaur (5 damage)
             ... on level 7 of the Dungeon.
             The game lasted 00:37:13 (7262 turns).

KittyFluff the Cudgeller (Gargoyle Berserker)       Turns: 7262, Time: 00:37:13

Health: -1/55      AC: 14    Str: 20    XL:     9   Next: 1%
Magic:  9/9        EV: 13    Int:  9    God:    Trog [****..]
Gold:   353        SH:  5    Dex: 13    Spells: 8/8 levels left

rFire   . . .      SeeInvis .   a - +0 mace
rCold   . . .      Faith    .   (no shield)
rNeg    + . .      Spirit   .   m - +0 leather armour
rPois   ∞          Reflect  +   y - +0 helmet
rElec   +          Harm     .   (no cloak)
rCorr   .          Rampage  .   A - +1 pair of gloves
Will    .....                   n - +0 pair of boots
Stlth   ++........              z - amulet of reflection
HPRegen 0.18/turn               (no ring)
MPRegen 0.11/turn               (no ring)

@: on berserk cooldown, slowed, very slow
A: sickness immunity, AC +6, negative energy resistance 1, electricity
resistance, torment resistance 1, petrification resistance
a: Renounce Religion, Berserk, Trog's Hand, Brothers in Arms


You were on level 7 of the Dungeon.
You worshipped Trog.
Trog was greatly pleased with you.
You visited 1 branch of the dungeon, and saw 7 of its levels.
You also visited: Sewer.

You collected 457 gold pieces.
You spent 104 gold pieces at shops.

Inventory:

Hand Weapons
 a - a +0 mace (weapon)
 C - a +2 shortbow of flaming
Missiles
 c - 3 curare-tipped darts (quivered)
 e - 53 stones
 t - 14 poisoned darts
 v - 6 boomerangs
Armour
 j - the +7 Kryia's mail coat {PotionHeal*2 rC+}
   (You found it on level 2 of the Dungeon)

   Potions are twice as effective at healing its wearer.
   rC:        It protects you from cold.
 l - the +7 ring mail "Tucreaj" {Regen+ rCorr}
   (You found it on level 5 of the Dungeon)

   Regen:     It increases your rate of health regeneration.
   rCorr:     It protects you from acid and corrosion.
 m - a +0 leather armour (worn)
 n - a +0 pair of boots (worn)
 y - a +0 helmet (worn)
 A - a +1 pair of gloves (worn)
Jewellery
 z - an amulet of reflection (around neck)
 E - a ring of protection from cold
Wands
 p - a wand of flame (12)
 q - a wand of mindburst (10)
Scrolls
 b - a scroll of amnesia
 d - 2 scrolls of noise {unknown}
 i - 2 scrolls of enchant armour
 k - 2 scrolls of fear {unknown}
 r - 2 scrolls of poison
 w - a scroll of blinking {unknown}
 B - 2 scrolls of teleportation {unknown}
 F - 2 scrolls of magic mapping {unknown}
 H - a scroll of summoning {unknown}
 J - a scroll of brand weapon {unknown}
 L - 2 scrolls of immolation {unknown}
Potions
 f - 2 potions of heal wounds
 g - a potion of flight
 h - 2 potions of mutation
 o - 5 potions of curing
 s - 2 potions of magic
 u - a potion of berserk rage
 x - a potion of cancellation
 D - 2 potions of degeneration {unknown}
 I - a potion of might {unknown}
 K - a potion of attraction {unknown}


   Skills:
 + Level 6.2 Fighting
 + Level 7.4 Maces & Flails
 + Level 2.2 Ranged Weapons
 * Level 5.6 Armour
 + Level 4.0 Dodging
 + Level 1.4 Stealth
 + Level 1.1 Shields


You had 8 spell levels left.
You didn't know any spells.
Your spell library was empty.

Dungeon Overview and Level Annotations

Branches:
Dungeon (7/15)             Temple (0/1) D:7           Sewer (visited)

Altars:
Yredelemnul

Shops:
D:4 ?   D:6 !


Innate Abilities, Weirdness & Mutations

You are immune to sickness and miasma.
Your stone body is resilient. (AC +6)
You are immune to poison.
You resist negative energy. (rN+)
You are resistant to electric shocks. (rElec)
You are resistant to unholy torment.
You are immune to petrification.


Message History

The centaur shoots an arrow.
The arrow barely misses you.
The centaur shoots an arrow.
The arrow misses you.
The centaur shoots an arrow.
The arrow barely misses you.
The centaur shoots an arrow.
The arrow misses you.
The arrow closely misses the ice beast.
The centaur shoots an arrow.
The arrow hits you but does no damage.
You hit the ice beast but do no damage.
The centaur shoots an arrow.
The arrow hits you but does no damage.
The ice beast hits you but does no damage.
You hit the ice beast.
The ice beast is lightly wounded.
The centaur shoots an arrow.
The arrow barely misses you.
The arrow hits the ice beast.
The ice beast hits you but does no damage.
The centaur shoots an arrow.
The arrow completely misses you.
The arrow barely misses the ice beast.
The ice beast barely misses you.
You barely miss the ice beast.
The ice beast is lightly wounded.
The centaur shoots an arrow.
The arrow misses you.
The arrow hits the ice beast!
The centaur shoots an arrow.
The arrow hits you but does no damage.
The ice beast hits you but does no damage.
The centaur shoots an arrow.
The arrow closely misses you.
The arrow hits the ice beast!
The ice beast dies!
You feel much better.
The centaur shoots an arrow.
The arrow hits you.
The centaur shoots an arrow.
The arrow hits you!
* * * LOW HITPOINT WARNING * * *
As you read the scroll labelled EHIOMI YDIUGE, it crumbles to dust.
It is a scroll of enchant armour.
Your +0 pair of gloves glows green for a moment.
The centaur shoots an arrow.
The arrow hits you!
* * * LOW HITPOINT WARNING * * *
The centaur shoots an arrow.
The arrow hits you.
* * * LOW HITPOINT WARNING * * *
As you read the scroll labelled IGEYJI GALIAQ, it crumbles to dust.
It is a scroll of amnesia.
You feel forgetful for a moment.
The centaur shoots an arrow.
The arrow hits you.
You die...

# ##### #+#. #○..
#.°####☼#########
#○.§°°§°§.°○○§§°
#○.°§§§☼☼§§°§☼.☼
#°§.§°.§☼○.○§○☼§
##○○○§°§§@§°§○c☼.
#.°☼..§○#########.#
......)§○°°§.#.8.##
##.# .
##..########......#
...#. #.
#.8.>.8##.... .
#+......#..#
....#.8.#.#..#
...[.##.#....###
...... #........#


You could see a centaur.

Vanquished Creatures
  Menkaure (D:6)
  A black bear (D:4)
  2 centaurs
  A phantom (D:7)
  3 kobold brigands
  2 bullfrogs (Sewer)
  A gnoll sergeant (D:7)
  A necrophage (D:6)
  3 scorpions
  A hound (D:4)
  A jelly (D:4)
  5 iguanas
  An orc wizard (D:3)
  12 adders
  7 gnolls
  5 river rats (Sewer)
  A shadow imp (D:6)
  An ufetubus (D:5)
  4 dart slugs
  5 orcs
  6 bats
  13 endoplasms
  7 giant cockroaches
  4 goblins
  13 hobgoblins
  10 jackals
  8 quokkas
  19 ball pythons
  6 frilled lizards
  13 kobolds
  30 rats
187 creatures vanquished.

Vanquished Creatures (others)
  An ice beast (D:7)
  8 plants (D:2)
9 creatures vanquished.

Grand Total: 196 creatures vanquished

Notes
Turn   | Place    | Note
-------+----------+-------------------------------------------
     0 | D:1      | KittyFluff the Gargoyle Berserker began the quest for the
                  | Orb.
     0 | D:1      | Reached XP level 1. HP: 14/14 MP: 1/1
   309 | D:1      | Reached XP level 2. HP: 18/19 MP: 2/2
   582 | D:1      | Reached XP level 3. HP: 23/24 MP: 3/3
  1295 | D:2      | Reached XP level 4. HP: 29/29 MP: 4/4
  1357 | D:2      | Found Nukoer's Magic Scroll Shoppe.
  1365 | D:2      | Reached ** piety under Trog
  1637 | D:2      | Reached skill level 4 in Maces & Flails
  1786 | D:2      | Found the +7 Kryia's mail coat {PotionHeal*2 rC+}
  2014 | D:2      | Found a faded altar of an unknown god.
  2267 | D:3      | Reached XP level 5. HP: 31/34 MP: 5/5
  2887 | D:3      | Reached *** piety under Trog
  3008 | D:4      | Found a basalt altar of Yredelemnul.
  3089 | D:4      | Noticed a black bear
  3098 | D:4      | Killed a black bear
  3099 | D:4      | Reached skill level 5 in Maces & Flails
  3099 | D:4      | Reached XP level 6. HP: 39/39 MP: 6/6
  3643 | D:4      | Found Ureiply's Magic Scroll Boutique.
  3668 | D:4      | Reached skill level 5 in Fighting
  3802 | D:4      | Reached skill level 1 in Stealth
  3802 | D:4      | Reached XP level 7. HP: 39/44 MP: 7/7
  3920 | D:4      | Bought a scroll of identify for 26 gold pieces
  3920 | D:4      | Bought a scroll of poison for 52 gold pieces
  3920 | D:4      | Bought a scroll of identify for 26 gold pieces
  3931 | D:5      | Entered Level 5 of the Dungeon
  4058 | D:5      | Identified the +7 ring mail "Tucreaj" {Regen+ rCorr}
  4236 | D:5      | Reached skill level 6 in Maces & Flails
  5591 | D:6      | Noticed Menkaure
  5599 | D:6      | Killed Menkaure
  5600 | D:6      | Reached XP level 8. HP: 43/50 MP: 8/8
  5957 | D:6      | Reached skill level 7 in Maces & Flails
  5980 | D:6      | Found a glowing drain.
  5989 | Sewer    | Entered a sewer
  6148 | Sewer    | Reached skill level 5 in Armour
  6228 | Sewer    | Reached **** piety under Trog
  6288 | Sewer    | Reached skill level 1 in Ranged Weapons
  6803 | D:6      | Found Addicel's Distillery.
  7198 | D:7      | Found a staircase to the Ecumenical Temple.
  7241 | D:7      | Reached skill level 1 in Shields
  7245 | D:7      | Reached XP level 9. HP: 14/55 MP: 9/9
  7254 | D:7      | HP: 2/55 [centaur/arrow (8)]
  7262 | D:7      | Shot with an arrow by a centaur

Illustrated notes

Levels and vault maps discovered:
D:1:      dpeg_arrival_tiny_a, layout_loops_ring
D:2:      layout_basic, nicolae_ecumenical_snake_handling, serial_forest,
          infiniplex_forest_corner_1, infiniplex_forest_join,
          infiniplex_forest_straight_4, infiniplex_forest_clump_double,
          infiniplex_forest_lined_room_3, infiniplex_forest_lined_corner,
          infiniplex_forest_lined_2, serial_shops, nicolae_shop_trees,
          minmay_misc_feat_nine_boxes
D:3:      layout_loops_ring, chequers_serial_rivers_large_a
D:4:      layout_loops_cross, lemuel_round_altar, serial_shops,
          nicolae_shop_advertising_works [nicolae_subvault_shop_adworks]
D:5:      cheibrodos_thug_alley, layout_cave_pods
D:6:      layout_loops_corners, serial_shops, kennysheep_mini_moat,
          portal_sewer_entry_f, uniq_menkaure
D:7:      layout_basic, doesnt_xom_only_xom, kennysheep_vampire_church,
          mainiacjoe_overflow_concentric_impassable,
          minmay_temple_entry_statues_pillars, minmay_joined_circles

Skill      XL: |  1  2  3  4  5  6  7  8  9 |
---------------+----------------------------+-----
Fighting       | 4 5 6 |  6.2
Dodging        | 2 3 4 |  4.0
Maces & Flails | 4 5 6 7 |  7.4
Armour         | 3 4 5 |  5.6
Stealth        | 1 |  1.4
Ranged Weapons | 2 |  2.2
Shields        | 1 |  1.1

Action                   |  1- 3 |  4- 6 |  7- 9 || total
-------------------------+-------+-------+-------++-------
Melee: Mace              |    97 |   216 |   276 ||   589
       Punch             |       |     3 |     6 ||     9
 Fire: Shortbow          |       |       |    53 ||    53
Invok: Berserk           |       |     2 |     6 ||     8
  Use: Scroll            |       |     3 |     8 ||    11
       Potion            |       |       |     1 ||     1
 Stab: Sleeping          |     1 |     1 |       ||     2
Armor: Animal skin       |    35 |    80 |       ||   115
       Leather armour    |       |       |   173 ||   173
Dodge: Dodged            |    55 |   132 |   231 ||   418
Block: Other             |       |       |    56 ||    56
       Reflection        |       |       |     1 ||     1
